 Dungeon Crawl Stone Soup version 0.31-a0-574-g69dc8cc98e (webtiles) character file.

Game seed: 10430791325300020408

179 Zonian the Ruffian (level 5, -6/35 HPs)
             Began as an Octopode Shapeshifter on Aug 19, 2023.
             Mangled by Grinder (11 damage)
             ... while paralysed by Grinder
             ... on level 3 of the Dungeon.
             The game lasted 00:06:33 (2938 turns).

Zonian the Ruffian (Octopode Shapeshifter)          Turns: 2938, Time: 00:06:34

Health: -6/35      AC:  1    Str: 16    XL:     5   Next: 59%
Magic:  5/5        EV:  2    Int: 11    God:
Gold:   187        SH:  0    Dex: 18    Spells: 4/4 levels left

rFire   . .          .
                       - Unarmed
rCold   . . .        (no shield)
rNeg    . . .        (helmet currently unavailable)
rPois   .            (no amulet)
rElec   .            d - +6 ring of dexterity
rCorr   .            (no ring)
SInv    .            (no ring)
Will    .....        (no ring)
Stlth   +++          (no ring)
HPRegen 0.25/turn    (no ring)
MPRegen 0.09/turn    (no ring)
                     (no ring)

%: no passive effects
@: paralysed, beast-form
A: beast (slay +2), almost no armour, amphibious, 8 rings, camouflage 1,
gelatinous body 1, (nimble swimmer 1), tentacles
a: Begin Untransformation


You were on level 3 of the Dungeon.
You were a hulking beast.
You visited 1 branch of the dungeon, and saw 3 of its levels.

You collected 187 gold pieces.

Inventory:

Jewellery
 d - a +6 ring of dexterity (left tentacle)
Talismans
 b - a beast talisman (active)
 c - a flux talisman
Wands
 o - a wand of flame (18)
Scrolls
 e - a scroll of poison {unknown}
 f - 2 scrolls of noise {unknown}
 g - a scroll of fear {unknown}
 j - 2 scrolls of fog {unknown}
 k - a scroll of identify {unknown}
 m - a scroll of enchant armour {unknown}
Potions
 a - 2 potions of lignification
 h - a potion of magic {unknown}
 i - a potion of curing {unknown}
 l - a potion of mutation {unknown}
 n - a potion of heal wounds {unknown}


   Skills:
 - Level 2.3 Fighting
 + Level 3.3 Dodging
 + Level 4.0 Unarmed Combat
 + Level 3.8 Shapeshifting


You had 4 spell levels left.
You didn't know any spells.
Your spell library contained the following spells:

 Spells                   Type           Power      Damage    Failure   Level
 Cigotuvi's Dreadful Rot  Necr/Pois/Air  0%         N/A       47%         2
 Ignite Poison            Fire/Tmut/Pois 0%         N/A       71%         3
 Freezing Cloud           Conj/Ice/Air   0%         6-21      100%        5


Dungeon Overview and Level Annotations

Branches:
Dungeon (3/15)

Altars:
Qazlal

Shops:
D:3 (

Annotations:
D:3 Grinder


Innate Abilities, Weirdness & Mutations

You are a hulking beast.
Your limbs bulge with bestial killing power. (Slay +2)
You cannot wear most types of armour.
You are amphibious.
You can wear up to eight rings at the same time.
Your skin changes colour to match your surroundings (Stealth+).
Your rubbery body absorbs attacks. (AC +1, EV +1)
((You are camouflaged when in or above water. (Stealth+)))
You have tentacles for arms and can constrict up to eight enemies at once.


Message History

You kill the jackal!
No target in view!
A goblin comes into view. It is wielding a +0 club.
A goblin is nearby!
Unknown command.
The goblin shouts!
You bludgeon the goblin!
You kill the goblin!
No target in view!
No target in view!
Grinder is nearby!
Grinder is nearby!
Unknown command.
Grinder shouts!
Grinder hits you.
You writhe in agony.
You hear a bark!
You barely miss Grinder. You grab Grinder. You squeeze Grinder!
Grinder is moderately wounded.
You constrict Grinder. You tentacle-slap Grinder. You squeeze Grinder.
Grinder is heavily wounded.
You constrict Grinder. Grinder hits you.
You writhe in agony.
You tentacle-slap Grinder.
Grinder is severely wounded.
You constrict Grinder. You tentacle-slap Grinder. You squeeze Grinder.
Grinder is almost dead.
You constrict Grinder. Grinder barely misses you.
You tentacle-slap Grinder.
Grinder is almost dead.
You constrict Grinder. Grinder gestures at you.
You suddenly lose the ability to move!
You lose your grip on Grinder.
Grinder hits you!
You writhe in agony.
* * * LOW HITPOINT WARNING * * *
Grinder hits you.
* * * LOW HITPOINT WARNING * * *
Grinder hits you!
You die...
Grinder says, "Now the real fun starts!"

#. #...#....# #.....####.#
#.##........# #..........#
#.##..##....# #..⌠..######
#.##..###...###[....#
#.##..###...........#
#.##......5..†.####.#
#............### #.#
#...#####..#.######.# ####
#...# #..#..5h....# #... #...#
#..#######..# #.##
#...#####..#######..# #.##
#...................# ####...
##†#.#####..#######.## #......
#.###....#..# #.# #.##.##
##.#.###.#..# #.# ####.##.#
##..# #>#..# #.# #.......##
##.###.#..#######.####.##.##...


You could see Grinder.

Vanquished Creatures
  An iguana (D:2)
  7 gnolls
  3 adders
  A dart slug (D:1)
  An orc (D:3)
  2 bats
  3 endoplasms
  2 giant cockroaches (D:2)
  6 goblins
  3 hobgoblins
  8 jackals (D:3)
  2 quokkas (D:1)
  7 ball pythons
  3 frilled lizards
  4 kobolds
  2 rats (D:3)
55 creatures vanquished.

Notes
Turn   | Place    | Note
-------+----------+-------------------------------------------
     0 | D:1      | Zonian the Octopode Shapeshifter began the quest for the
                  | Orb.
     0 | D:1      | Reached XP level 1. HP: 13/13 MP: 1/1
   104 | D:1      | You fall into a shaft and drop 1 floor!
   129 | D:2      | Reached XP level 2. HP: 18/18 MP: 2/2
   550 | D:2      | Reached XP level 3. HP: 16/23 MP: 3/3
   645 | D:1      | Found a faded altar of an unknown god.
  1407 | D:2      | Reached XP level 4. HP: 17/29 MP: 4/4
  2028 | D:3      | Reached XP level 5. HP: 35/35 MP: 5/5
  2053 | D:3      | Noticed Grinder
  2193 | D:3      | Found a stormy altar of Qazlal.
  2355 | D:3      | Found Urelasygg's Weapon Boutique.
  2560 | D:3      | Reached skill level 4 in Unarmed Combat
  2935 | D:3      | Paralysed by Grinder for 3 turns
  2938 | D:3      | Mangled by Grinder

Illustrated notes

Levels and vault maps discovered:
D:1:      mrwooster_arrival_arrow, layout_rooms,
          ebering_ecumenical_altar_abandoned
D:2:      layout_basic, minmay_pentomino_s4
D:3:      layout_loops_ring, mainiacjoe_overflow_six_doors_small,
          cheibrodos_ashenzari_chains, serial_shops,
          nicolae_shop_bloodbath_and_beyond, chequers_arboretum,
          solitary_fountain, uniq_grinder

Skill      XL: |  1  2  3  4  5 |
---------------+----------------+-----
Fighting       | 2 |  2.3
Dodging        | 3 |  3.3
Unarmed Combat | 4 |  4.0
Shapeshifting  | |  3.8

Action                     |  1- 3 |  4- 6 || total
---------------------------+-------+-------++-------
  Melee: Unarmed           |    59 |    50 ||   109
         Constrict         |    15 |    16 ||    31
         Tentacles         |    10 |    13 ||    23
   Stab: Sleeping          |     9 |     6 ||    15
         Distracted        |     1 |       ||     1
 Armour: Skin              |     1 |     2 ||     3
  Dodge: Dodged            |    30 |    29 ||    59

Table legend: (Time is in decaauts)
 A = Elapsed time spent in this place.
 B = Non-inter-level travel time spent in this place.
 C = Inter-level travel time spent in this place.
 D = Time resting spent in this place.
 E = Time spent auto-exploring this place.
 F = Levels seen in this place.
 G = Mean time per level.
                   A        B        C        D        E       F      G
               +--------+--------+--------+--------+--------+-----+--------+
         Total |   2930 |   2874 |     56 |    985 |   1111 |   3 |  976.7 |
       Dungeon |   2930 |   2874 |     56 |    985 |   1111 |   3 |  976.7 |
               +--------+--------+--------+--------+--------+-----+--------+

Top non-repeatable levels by time:
     D:2: 1516 daAuts
     D:3: 1043 daAuts
     D:1: 370 daAuts
